Map: 얼어붙은 사원

Players

llllllllllll (Scarlett)

  • Race: Zerg Zerg
  • League: Grandmaster

llIIIllIlIll - Winner!

  • Race: Zerg Zerg
  • League: Grandmaster

VOD

Have the link to the VOD?

Description

Time

  • Played on: April 14, 2016, 5:59 a.m.
  • Length: 15:19
Show
View Real Time Build Order
Export as new Build Order

llllllllllll Zerg 

Build Orders: Pool First 

Get SALT Encoding   

  12  0:02  Drone  
  13  0:11  Drone  
  14  0:20  Overlord  
  14  0:30  Extractor, Drone  
  15  0:40  Drone x2  
  17  0:49  Spawning Pool  
  16  0:50  Drone  
  16  0:56  Drone  
  18  0:58  Extractor  
  17  1:06  Drone  
  18  1:20  Hatchery  
  18  1:21  Drone  
  18  1:35  Drone  
  18  1:36  Queen  
  21  1:42  Zergling x2  
  22  1:51  Overlord  
  22  1:58  Metabolic Boost  
  22  2:06  Evolution Chamber  
  22  2:07  Drone  
  22  2:11  Queen  
  24  2:18  Drone  
  25  2:23  Drone  
  26  2:39  Overlord  
  26  2:40  Zerg Melee Weapons Level 1  
  26  2:44  Drone x3  
  26  2:45  Drone  
  26  2:47  Drone  
  31  2:55  Queen  
  33  3:00  Zergling x4  
  34  3:18  Drone x7  
  40  3:22  Drone x2  
  40  3:26  Spine Crawler  
  41  3:35  Overlord  
  41  3:38  Drone x2  
  43  3:43  Drone  
  44  3:53  Extractor x2  
  44  3:54  Lair  
  44  3:55  Drone x3  
  44  3:57  Drone  
  44  4:00  Zergling x8  
  50  4:08  Baneling Nest  
  49  4:18  Overlord, Drone x2  
  51  4:31  Overlord, Drone  
  52  4:37  Drone x4  
  52  4:38  Drone x2  
  58  4:40  Extractor  
  58  4:41  Queen  
  58  4:43  Zerg Ground Armor Level 1  
  59  4:51  Overlord  
  59  4:54  Drone x4  
  63  5:03  Overlord  
  63  5:08  Spire, Baneling  
  62  5:17  Overseer  
  62  5:22  Zergling x2  
  62  5:23  Zergling x6  
  65  5:40  Zergling x12  
  65  5:42  Hatchery  
  70  5:51  Zergling x2  
  70  5:52  Zergling x2  
  69  6:02  Zergling x12  
  69  6:12  Infestation Pit, Queen x2  
  69  6:13  Zergling x2  
  69  6:14  Zergling x4  
  75  6:24  Spore Crawler  
  74  6:31  Overlord  
  74  6:32  Overlord x4  
  74  6:33  Spore Crawler  
  74  6:38  Spore Crawler  
  69  6:40  Spore Crawler  
  69  6:43  Baneling  
  67  6:51  Zergling x12  
  72  6:55  Zerg Melee Weapons Level 2  
  71  7:02  Corruptor x3  
  74  7:09  Corruptor  
  74  7:14  Pathogen Glands  
  76  7:22  Corruptor  
  76  7:23  Corruptor x2  
  82  7:30  Drone x2  
  82  7:31  Zerg Flyer Armor Level 1  
  82  7:32  Drone  
  78  7:53  Corruptor x4  
  78  7:55  Drone  
  87  7:59  Infestor  
  89  8:09  Zergling x2  
  89  8:10  Zergling x10  
  93  8:29  Zergling x14  
  96  8:46  Corruptor x4  
  87  8:49  Zergling x2  
  87  8:50  Zergling x2  
  89  9:01  Zergling x6  
  85  9:10  Zergling x2  
  85  9:11  Zergling x8  
  85  9:13  Zerg Ground Armor Level 2  
  87  9:17  Infestor  
  89  9:30  Zergling x10  
  91  9:33  Drone  
  91  9:34  Drone x3  
  91  9:48  Zergling x6  
  87  9:56  Zergling x2  
  75  10:00  Zergling x8  
  75  10:01  Queen x2  
  71  10:17  Zergling x4  
  71  10:21  Baneling x2  
  63  10:30  Zergling x6  
  63  10:31  Baneling  
  63  10:32  Baneling x2  
  63  10:35  Zergling x2  
  67  10:36  Baneling x2  
  65  10:50  Zergling x4  
  65  10:55  Zergling x4  
  65  10:56  Baneling x3  
  62  11:04  Zergling x2  
  62  11:07  Zergling x2  
  57  11:15  Zergling x8  
  60  11:27  Zergling x2  
  60  11:28  Zergling x2, Queen  
  60  11:29  Baneling Nest, Queen  
  65  11:45  Zergling x10  
  68  11:59  Zergling x2  
  68  12:00  Zergling x8  
  71  12:06  Infestor  
  66  12:28  Baneling x3  
  66  12:33  Zergling x14  
  61  12:48  Infestor  
  63  12:59  Burrow  
  57  13:19  Zergling x2  
  58  13:20  Zergling x8  
  54  13:59  Zergling x8  
  54  14:00  Zergling x4  
  60  14:12  Zergling x4  
  14  15:03  Drone x8  
Show
View Real Time Build Order
Export as new Build Order

llIIIllIlIll Zerg - Winner!

Build Orders: Hatch First 

Get SALT Encoding   

  12  0:00  Drone  
  13  0:13  Overlord  
  13  0:17  Drone  
  14  0:31  Drone x2  
  16  0:38  Drone  
  17  0:53  Hatchery  
  17  0:55  Drone  
  17  0:58  Drone  
  17  1:02  Extractor  
  17  1:13  Spawning Pool  
  17  1:15  Drone  
  17  1:19  Drone  
  18  1:29  Drone  
  19  1:39  Overlord  
  19  1:57  Drone  
  19  2:01  Queen, Drone  
  21  2:04  Queen  
  21  2:05  Drone  
  21  2:06  Metabolic Boost  
  26  2:12  Zergling x2  
  27  2:16  Zergling x2  
  28  2:23  Baneling Nest  
  28  2:25  Drone  
  28  2:30  Drone  
  29  2:37  Spore Crawler  
  29  2:38  Drone  
  29  2:39  Drone  
  29  2:40  Queen  
  33  2:45  Overlord  
  33  2:51  Zergling x2  
  33  2:56  Drone  
  35  2:59  Drone  
  36  3:06  Drone  
  36  3:11  Drone x4  
  41  3:16  Drone x2  
  41  3:17  Drone  
  44  3:20  Drone  
  44  3:22  Baneling x2  
  44  3:27  Lair, Extractor  
  44  3:28  Extractor  
  44  3:31  Overlord  
  44  3:33  Zergling x2  
  43  3:35  Zergling x2  
  44  3:50  Drone x2  
  44  3:52  Drone x2  
  44  3:53  Drone x2  
  50  3:57  Drone x2  
  50  4:00  Overlord  
  52  4:04  Extractor, Drone  
  52  4:13  Overlord, Hatchery  
  52  4:15  Drone  
  52  4:19  Drone  
  52  4:23  Drone  
  54  4:27  Drone  
  54  4:28  Drone  
  54  4:31  Spire  
  55  4:32  Drone x2  
  55  4:33  Zergling x2  
  55  4:35  Overseer  
  55  4:37  Zergling x2  
  59  4:41  Zergling x4  
  59  4:44  Drone  
  62  4:47  Drone  
  63  4:53  Drone  
  63  4:56  Extractor  
  63  4:58  Extractor  
  62  5:01  Overlord  
  62  5:04  Drone x2  
  63  5:07  Drone  
  63  5:08  Drone x3  
  67  5:16  Overlord  
  67  5:17  Overlord  
  67  5:20  Baneling x2  
  67  5:23  Overlord x2  
  65  5:41  Zergling x2  
  65  5:42  Zergling x6  
  68  5:43  Baneling  
  68  5:45  Mutalisk x5  
  68  5:49  Baneling  
  78  5:50  Mutalisk x2  
  78  5:56  Mutalisk x2  
  81  5:59  Mutalisk  
  81  6:03  Mutalisk  
  87  6:06  Drone x2  
  87  6:08  Drone  
  86  6:12  Overseer  
  86  6:14  Drone x5  
  86  6:15  Drone x3  
  94  6:20  Queen  
  94  6:22  Drone  
  94  6:24  Drone  
  98  6:26  Drone  
  99  6:34  Evolution Chamber  
  99  6:35  Evolution Chamber  
  99  6:36  Drone x2  
  99  6:37  Drone  
  98  6:46  Zergling x4  
  98  6:47  Zergling x2  
  98  6:48  Zergling x4  
  98  6:50  Zergling x4  
  98  6:51  Zergling x4  
  98  6:58  Queen  
  92  7:02  Zergling x4  
  92  7:03  Zergling x2  
  94  7:08  Baneling  
  94  7:09  Baneling, Drone x2  
  94  7:11  Drone  
  94  7:14  Zerg Ground Armor Level 1, Zerg Melee Weapons Level 1, Queen  
  99  7:16  Drone x3  
  99  7:18  Drone  
  99  7:20  Drone x2  
  105  7:24  Baneling x2  
  105  7:25  Overlord  
  105  7:31  Zerg Flyer Armor Level 1  
  101  7:48  Overlord  
  100  7:52  Baneling x2  
  100  7:59  Infestation Pit  
  100  8:01  Mutalisk x7  
  100  8:02  Hatchery  
  112  8:10  Mutalisk x3  
  112  8:11  Mutalisk  
  120  8:17  Mutalisk  
  120  8:25  Overlord x2  
  116  8:27  Zergling x2  
  116  8:28  Zergling x8  
  121  8:34  Overlord  
  121  8:35  Overlord  
  121  8:36  Hive  
  121  8:37  Overlord  
  112  8:56  Overlord  
  112  9:01  Zergling x26  
  121  9:09  Zergling x10  
  122  9:11  Queen  
  122  9:16  Queen  
  125  9:18  Zergling x4  
  125  9:19  Zergling x4  
  125  9:21  Extractor  
  125  9:22  Extractor  
  127  9:28  Drone x4  
  114  10:00  Zerg Flyer Armor Level 2  
  114  10:07  Zergling x38  
  114  10:22  Zergling x16  
  114  10:23  Adrenal Glands  
  116  10:37  Hatchery  
  116  10:42  Drone x5  
  120  10:43  Drone x3  
  106  11:00  Corruptor x9  
  117  11:17  Corruptor x2  
  117  11:18  Corruptor  
  120  11:27  Corruptor  
  120  11:28  Corruptor  
  124  11:43  Zergling x22  
  131  11:52  Zergling x10  
  128  12:03  Extractor x2  
  128  12:04  Corruptor  
  128  12:08  Corruptor  
  128  12:11  Hatchery  
  127  12:16  Zerg Flyer Weapons Level 1  
  127  12:18  Zergling x20  
  101  12:43  Drone  
  101  12:44  Drone x13  
  108  12:54  Baneling  
  108  12:55  Baneling  
  108  12:57  Zerg Melee Weapons Level 2  
  108  12:58  Zerg Ground Armor Level 2  
  108  13:04  Drone x4  
  112  13:05  Baneling  
  112  13:14  Zergling x12  
  112  13:15  Zergling x2  
  119  13:20  Zergling x10  
  124  13:33  Zergling x20  
  127  13:46  Drone x3  
  127  13:47  Queen, Drone x6  
  135  13:55  Overlord x2  
  135  13:56  Queen  
  135  14:01  Corruptor x3  
  143  14:13  Zergling x14  
  126  14:23  Zergling x6  
  126  14:27  Queen  
  126  14:29  Zergling x4  
  126  14:30  Zergling x14  
  121  14:44  Zergling x8  
  108  14:50  Drone x4  
Tags
 
Add a new tag
Caveats
  • Supply blocks, unpowered buildings, or Contaminate may cause inaccurate times.
  • Supply counts are checked every 10 seconds.